AoeStats
← audi_225

Arabia

502938130Analyzed
2v2 RM · 1mo ago on Aug 29, 2026· 49m 48s· 4 players
Game mode
Random Map
Map size
Medium (4 player)
Population
200
Speed
Normal
Resources
Standard
Victory
Conquest
Starting age
Dark Age
Ending age
Imperial Age
RankedLock teamsTeams togetherTeam positionsShared explorationLock speedFull tech treeHidden civsTurbo modeCheats
Victory
Defeat
🇹🇷 Maya · Türkiye
1482
+17
🇫🇷 Poles · France
1411
+20
🇺🇸 Dravidians · United States
1506
-19
🇺🇦 Gurjaras · Ukraine
1488
-18
ITzMfMiyagi
6:53 Loom
9:15 Feudal Age
9:59 Double-Bit Axe
12:02 Horse Collar
16:32 Fletching
20:45 Castle Age
19:35 Gold Mining
20:17 Padded Archer Armor
21:32 Bodkin Arrow
22:23 Husbandry
25:05 Bow Saw
26:05 Leather Archer Armor
32:06 Ballistics
32:31 Thumb Ring
36:37 Fortified Wall
44:41 Imperial Age
45:45 Bracer
45:20 Elite Elephant Archer
audi_225
5:48 Loom
8:50 Feudal Age
9:31 Double-Bit Axe
10:28 Horse Collar
16:47 Fletching
17:20 Padded Archer Armor
24:26 Castle Age
23:31 Bloodlines
25:06 Forging
25:02 Scale Barding Armor
26:02 Bow Saw
28:24 Wheelbarrow
32:53 Iron Casting
Tetsu
6:26 Loom
9:16 Feudal Age
10:00 Double-Bit Axe
16:05 Horse Collar
17:08 Scale Barding Armor
19:09 Forging
19:41 Stone Mining
20:56 Wheelbarrow
24:58 Castle Age
23:05 Gold Mining
25:22 Bloodlines
27:01 Bow Saw
27:04 Fletching
28:36 Husbandry
28:48 Szlachta Privileges
30:57 Chain Barding Armor
31:55 Stone Shaft Mining
31:39 Hand Cart
31:10 Town Watch
39:34 Iron Casting
40:04 Heavy Plow
46:16 Imperial Age
46:24 Cavalier
48:26 Blast Furnace
48:09 Conscription
48:58 Light Cavalry
49:37 Winged Hussar
50:45 Lechitic Legacy
LonzoWall
0:29 Loom
9:33 Feudal Age
13:10 Fletching
13:37 Double-Bit Axe
23:35 Castle Age
23:40 Crossbowman
24:16 Bodkin Arrow
26:12 Padded Archer Armor
31:16 Horse Collar
34:08 Ballistics
34:49 Leather Archer Armor
36:08 Gold Mining
39:35 Imperial Age
40:52 Bracer
43:32 Wheelbarrow
43:51 Arbalester
45:15 Ring Archer Armor
46:51 Chemistry
47:10 Elite Skirmisher
48:13 Conscription
47:55 Hul'che Javelineers
49:13 Thumb Ring
Connection lost

Rejoining the realm…

Still unreachable

The connection could not be restored.

Session expired

The server has moved on; the page needs a fresh start.